 Dungeon Crawl Stone Soup version 0.25-a0-942-g87a53962fc (webtiles) character file.

Game seed: 951530839908520738, levelgen mode: deterministic

86 tilp the Bolt Thrower (level 4, -4/25 HPs)
             Began as a Kobold Arcane Marksman on May 6, 2020.
             Slain by an orc
             ... wielding a +1 short sword of draining
              (7 damage)
             ... on level 3 of the Dungeon.
             The game lasted 00:05:30 (2409 turns).

tilp the Bolt Thrower (Kobold Arcane Marksman)      Turns: 2409, Time: 00:05:31

Health: -4/25      AC:  2    Str:  8    XL:     4   Next: 77%
Magic:  3/5        EV: 14    Int: 14    God:
Gold:   32         SH:  0    Dex: 15    Spells: 2/5 levels left

rFire    . . .     SeeInvis .   b - +0 dagger
rCold    . . .     Gourm    .   (shield restricted)
rNeg     . . .     Faith    .   e - +0 robe
rPois    .         Spirit   .   (no helmet)
rElec    .         Reflect  .   (no cloak)
rCorr    .         Harm     .   (no gloves)
MR       .....                  (no boots)
Stlth    +.........             (no amulet)
HPRegen  0.08/turn              (no ring)
MPRegen  0.09/turn              (no ring)

@: drained
A: small, carnivore
a: no special abilities


You were on level 3 of the Dungeon.
You were completely stuffed.

You visited 1 branch of the dungeon, and saw 3 of its levels.

You collected 32 gold pieces.

Inventory:

Hand Weapons
 a - a +0 hand crossbow
 b - a +0 dagger (weapon)
Armour
 e - a +0 robe (worn)
Jewellery
 i - an uncursed ring of wizardry {unknown}
Scrolls
 h - a scroll of enchant armour {unknown}
 j - a scroll of remove curse {unknown}
 k - a scroll of identify {unknown}
Potions
 g - a potion of mutation {unknown}
Comestibles
 c - 3 rations


   Skills:
 - Level 1.1(0.1) Fighting
 + Level 5.5(4.4) Crossbows
 - Level 2.4(1.3) Dodging
 - Level 1.1(0.0) Spellcasting
 - Level 3.0(1.9) Hexes


You had 2 spell levels left.
You knew the following spells:

 Your Spells              Type           Power        Failure   Level  Hunger
a - Corona                Hex            #......      13%         1    ##.....
b - Slow                  Hex            #.......     21%         2    ###....

Your spell library contained the following spells:

 Spells                   Type           Power        Failure   Level  Hunger
 Inner Flame              Hex/Fire       #.......     52%         3    ####...
 Portal Projectile        Hex/Tloc       #.....       52%         3    ####...
 Cause Fear               Hex            #.........   78%         4    #####..
 Leda's Liquefaction      Hex/Erth       #.........   89%         4    #####..


Dungeon Overview and Level Annotations

Branches:
Dungeon (3/15)

Altars:

Annotations:
D:2 Sigmund


Innate Abilities, Weirdness & Mutations

You are small and have problems with some larger weapons.
You are carnivorous and can eat meat at any time.


Message History

You hit the orc but do no damage.
The orc hits you with a +1 short sword of draining!
* * * LOW HITPOINT WARNING * * *
You feel drained.
Things that are here:
a bolt; a +0 flail; an orc corpse
Casting: Corona (safe; 12% risk of failure)
Confirm with . or Enter, or press ? or * to list all spells.
Aiming: Slow (safe; 17% risk of failure)
Press: ? - help, Shift-Dir - straight line, f - orc
Aim: an orc, wielding a +1 short sword of draining and wearing a cursed +0 leather armour (chance to defeat MR: 58%)
The orc resists with significant effort.
The orc hits you with a +1 short sword of draining.
* * * LOW HITPOINT WARNING * * *
You feel drained.
* * * LOW HITPOINT WARNING * * *
Unknown command.
It was a potion of cancellation.
You feel magically purged.
The orc hits you with a +1 short sword of draining!
You die...

###r ##... .$... .
###...# ....#.#
#..... #.#.#.# .
#.#... ##.....##.
#.##.# #........
#@##.# #.$... .#
##o##.####..#.#..#
#.o.#.##....#.#%.#
#<.....((.......>#.
#..o(###.#.##.##..#
####l###.#(##....##
#..(.(l..........#
#.#.##o...##......
#.#.##....##...)..


You could see 3 orcs and a frilled lizard.

Vanquished Creatures
  4 adders (D:2)
  2 oozes (D:2)
  A worm (D:2)
  A dart slug (D:1)
  An orc (D:3)
  5 bats
  3 giant cockroaches
  6 goblins
  5 hobgoblins
  A ball python (D:2)
  A frilled lizard (D:1)
  4 kobolds
  3 rats
37 creatures vanquished.

Notes
Turn   | Place    | Note
-------+----------+-------------------------------------------
     0 | D:1      | tilp the Kobold Arcane Marksman began the quest for the
                  | Orb.
     0 | D:1      | Reached XP level 1. HP: 12/12 MP: 2/2
    94 | D:1      | Reached skill level 3 in Crossbows
   135 | D:1      | Reached XP level 2. HP: 16/16 MP: 0/3
  1345 | D:2      | Reached skill level 4 in Crossbows
  1345 | D:2      | Reached XP level 3. HP: 20/20 MP: 4/4
  1346 | D:2      | Found a faded altar of an unknown god.
  1491 | D:2      | Reached XP level 4. HP: 25/25 MP: 3/5
  1572 | D:2      | Reached skill level 5 in Crossbows
  1654 | D:2      | Learned a level 2 spell: Slow
  2188 | D:2      | Noticed Sigmund
  2409 | D:3      | Slain by an orc

Levels and vault maps discovered:
D:1:      lightli_arrival_maybe_door_vault, layout_basic, minmay_distorted
D:2:      layout_loops_ring, first_ration,
          chequers_ecumenical_altar_simple_redux, uniq_jessica,
          uniq_crazy_yiuf_cottage, uniq_sigmund
D:3:      layout_loops_ring, chequers_temple_overflow_statue_of_worship,
          nicolae_ru_path_of_blood

Skill      XL: |  1  2  3  4 |
---------------+-------------+-----
Crossbows      | 3 4 5 |  5.5
Fighting       | |  1.1
Dodging        | |  2.4
Spellcasting   | |  1.1
Hexes          | |  3.0

Action                   |  1- 3 |  4- 6 || total
-------------------------+-------+-------++-------
Melee: Dagger            |    72 |    38 ||   110
 Fire: Hand crossbow     |    38 |    23 ||    61
 Cast: Corona            |    14 |     9 ||    23
       Slow              |       |     1 ||     1
  Use: Potion            |       |     1 ||     1
 Stab: Sleeping          |       |     1 ||     1
  Eat: Chunk             |    11 |     3 ||    14
Armor: Robe              |    16 |    10 ||    26
Dodge: Dodged            |    93 |    48 ||   141

Table legend:
 A = Non-vault XP
 B = Vault XP
 C = Vault XP percentage of total XP
 D = Non-vault monster count
 E = Vault monster count
 F = Vault count percentage of total count
                 A         B        C        D         E       F
            +---------+---------+-------+---------+---------+-------
      Total |     120 |       3 |   2.4 |      35 |       2 |   5.4
            +---------+---------+-------+---------+---------+-------
        D:1 |      25 |       3 |  10.7 |      14 |       2 |  12.5
        D:2 |      91 |       0 |   0.0 |      19 |       0 |   0.0
        D:3 |       4 |       0 |   0.0 |       2 |       0 |   0.0
            +---------+---------+-------+---------+---------+-------
